 Dungeon Crawl Stone Soup version 0.23-a0-650-ga4d50d4d25 (webtiles) character file.

1754 Notair the Cleaver (level 8, -9/73 HPs)
             Began as a Minotaur Gladiator on Jan 7, 2019.
             Was a Follower of Okawaru.
             Killed by divine providence
             ... invoked by an orc priest
              (11 damage)
             ... on level 8 of the Dungeon.
             The game lasted 00:10:58 (6079 turns).

Notair the Cleaver (Minotaur Gladiator)             Turns: 6079, Time: 00:10:58

Health: -9/73      AC: 11    Str: 18    XL:     8   Next: 78%
Magic:  6/7        EV:  9    Int:  7    God:    Okawaru [*.....]
Gold:   448        SH:  0    Dex: 13    Spells: 7/7 levels left

rFire    . . .     SeeInvis .   a - +0 war axe
rCold    . . .     Gourm    .   (no shield)
rNeg     . . .     Faith    +   j - +0 chain mail
rPois    .         Spirit   .   c - +0 hat
rElec    .         Reflect  .   m - +0 cloak
rCorr    .         Harm     .   (no gloves)
MR       .....                  (no boots)
Stlth    ..........             h - amulet of faith
HPRegen  0.22/turn              (no ring)
MPRegen  0.10/turn              (no ring)

@: no status effects
A: retaliatory headbutt, horns 2
a: Heroism, Renounce Religion


You were on level 8 of the Dungeon.
You worshipped Okawaru.
Okawaru was aware of your devotion.
You were very hungry.

You visited 2 branches of the dungeon, and saw 9 of its levels.

You collected 448 gold pieces.

Inventory:

Hand Weapons
 a - a +0 war axe (weapon)
 r - a +0 hunting sling
 I - a +0 blowgun
 M - a +0 hand crossbow
Missiles
 d - 4 throwing nets
 g - 342 stones
 i - 102 sling bullets
 t - 7 javelins (quivered)
 v - 89 bolts
 J - 42 poisoned needles
 L - 4 curare-tipped needles
Armour
 c - a +0 hat (worn)
 j - a +0 chain mail (worn)
 m - a +0 cloak (worn)
Jewellery
 h - an amulet of faith (around neck)
 x - an uncursed ring of positive energy {unknown}
 G - a +6 ring of strength {unknown}
 H - an uncursed ring of see invisible {unknown}
 N - an uncursed ring of see invisible {unknown}
Wands
 b - a wand of acid (13)
 K - a wand of iceblast (8)
 O - a wand of disintegration (7)
Scrolls
 e - 2 scrolls of amnesia {unknown}
 l - 2 scrolls of enchant armour {unknown}
 o - 5 scrolls of remove curse
 p - a scroll of immolation {unknown}
 s - 3 scrolls of teleportation {unknown}
 u - 4 scrolls of identify
 w - a scroll of random uselessness {unknown}
 y - a scroll of fear {unknown}
 z - 2 scrolls of blinking {unknown}
 D - 4 scrolls of fog {unknown}
 F - a scroll of summoning {unknown}
Potions
 k - 3 potions of invisibility
 n - 2 potions of flight
 q - a potion of curing
 A - a potion of heal wounds {unknown}
 B - 3 potions of might {unknown}
 C - 2 potions of lignification {unknown}
 E - a potion of agility {unknown}
Comestibles
 f - 16 rations


   Skills:
 + Level 7.1 Fighting
 * Level 10.2 Axes
 - Level 2.0 Throwing
 + Level 6.5 Armour
 - Level 3.2 Dodging


You had 7 spell levels left.
You didn't know any spells.
Your spell library contained the following spells:

 Spells                   Type           Power        Failure   Level  Hunger
 Magic Dart               Conj           #...         99%         1    ##.....
 Summon Small Mammal      Summ           #...         99%         1    ##.....
 Blink                    Tloc           N/A          100%        2    ###....
 Call Imp                 Summ           #.......     100%        2    ###....
 Slow                     Hex            #.......     100%        2    ###....
 Call Canine Familiar     Summ           #.......     100%        3    ####...
 Conjure Flame            Conj/Fire      #.......     100%        3    ####...
 Mephitic Cloud           Conj/Pois/Air  #.......     100%        3    ####...
 Summon Guardian Golem    Hex/Summ       #.......     100%        3    ####...
 Summon Ice Beast         Ice/Summ       #.......     100%        4    #####..
 Summon Lightning Spire   Summ/Air       #.......     100%        4    #####..


Dungeon Overview and Level Annotations

Branches:
Dungeon (8/15)             Temple (1/1) D:7
   Lair: D:8-11

Altars:
Ashenzari
Cheibriados
Dithmenos
Elyvilon
Gozag
Kikubaaqudgha
Makhleb
Nemelex Xobeh
Okawaru
Qazlal
Ru
Sif Muna
Uskayaw
Vehumet
Wu Jian
Xom
Yredelemnul
Zin
The Shining One

Annotations:
D:8 HereIgoKillingAgain's ghost, novice HOFi


Innate Abilities, Weirdness & Mutations

You reflexively headbutt those who attack you in melee.
You have a pair of horns on your head.


Message History

You headbutt the orc warrior.
Unknown command.
You closely miss the orc warrior.
The orc warrior is almost dead.
You closely miss the orc warrior.
The orc warrior is almost dead.
The orc warrior hits you with a +0 dire flail!
* * * LOW HITPOINT WARNING * * *
Unknown command.
You hit the orc warrior but do no damage.
The orc warrior is almost dead.
The orc warrior misses you. You furiously retaliate!
You headbutt the orc warrior, but do no damage.
You feel better.
You feel like a meek peon again.
The orc warrior hits you with a +0 dire flail!!
* * * LOW HITPOINT WARNING * * *
The orc priest calls down the wrath of Beogh upon you.
Beogh smites you!
You die...

............## ..................
.................##..............
................####.............
...............#####.............
...............##.#..............
.###.............##..<......##.#
............####..#.####
..............#######
......#@#.#...# ..###.#.###.#.# .
###o# ###.# ##.oo# .. #...o#.##
.. #......... ...
................
............#....
.................


You could see an orc warrior, an orc priest, an orc wizard and an orc.

Vanquished Creatures
  An orc warrior (D:7)
  An ice beast (D:7)
  A sky beast (D:8)
  2 centaurs (D:7)
  2 big kobolds
  A bullfrog (D:7)
  Blork the orc (D:4)
  5 crimson imps
  A hound (D:7)
  A bullfrog zombie (D:7)
  2 jellies (D:7)
  A centaur skeleton (D:7)
  2 orc priests
  9 orc wizards
  5 worker ants
  A hound skeleton (D:4)
  Robin (D:3)
  10 adders
  4 shadow imps
  5 worms
  A dart slug (D:3)
  5 leopard geckos
  24 orcs
  8 giant cockroaches
  15 hobgoblins
  5 jackals
  2 quokkas
  5 bats
  4 frilled lizards
  14 goblins
  A jackal skeleton (D:5)
  23 kobolds
  11 rats
  A plant (D:6)
175 creatures vanquished.

Vanquished Creatures (others)
  2 orcs (D:7)
2 creatures vanquished.

Grand Total: 177 creatures vanquished

Notes
Turn   | Place    | Note
-------+----------+-------------------------------------------
     0 | D:1      | Notair the Minotaur Gladiator began the quest for the Orb.
     0 | D:1      | Reached XP level 1. HP: 18/18 MP: 0/0
   203 | D:1      | Reached skill level 4 in Axes
   203 | D:1      | Reached XP level 2. HP: 25/25 MP: 1/1
   211 | D:1      | Reached skill level 1 in Armour
   920 | D:2      | Reached XP level 3. HP: 26/31 MP: 2/2
  1163 | D:2      | Found a shadowy altar of Dithmenos.
  1711 | D:3      | Reached XP level 4. HP: 38/38 MP: 3/3
  1749 | D:3      | Reached skill level 5 in Axes
  1828 | D:3      | Reached XP level 5. HP: 34/46 MP: 4/4
  1841 | D:3      | Noticed Robin
  1850 | D:3      | Killed Robin
  1850 | D:3      | Reached skill level 6 in Axes
  2494 | D:4      | Noticed Blork the orc
  2501 | D:4      | Killed Blork the orc
  2501 | D:4      | Reached XP level 6. HP: 52/53 MP: 5/5
  2573 | D:4      | Reached skill level 7 in Axes
  2842 | D:5      | Entered Level 5 of the Dungeon
  2974 | D:5      | Reached skill level 5 in Fighting
  2974 | D:5      | Reached XP level 7. HP: 57/61 MP: 6/6
  3871 | D:6      | Reached skill level 8 in Axes
  4471 | D:7      | Reached skill level 5 in Armour
  4741 | D:7      | Reached XP level 8. HP: 43/70 MP: 7/7
  4869 | D:7      | Found a staircase to the Ecumenical Temple.
  4880 | Temple   | Entered the Ecumenical Temple
  4983 | Temple   | Became a worshipper of Warmaster Okawaru
  5044 | D:7      | Reached skill level 9 in Axes
  5210 | D:7      | Found a sacrificial altar of Ru.
  5262 | D:7      | Reached * piety under Okawaru
  5270 | D:7      | Reached skill level 10 in Axes
  5744 | D:8      | Noticed HereIgoKillingAgain's ghost (novice HOFi)
  6078 | D:8      | HP: 1/73 [orc warrior/+0 dire flail (19)]
  6079 | D:8      | Killed from afar by an orc priest

Vault maps used:
D:1:      sevenhm_arrival_forest_fort_large_2, hangedman_decor_riveting,
          minmay_three_crescents
D:2:      nicolae_dithmenos_through_a_glass_darkly
D:3:      minmay_starry_boxes, uniq_robin
D:4:      first_ration, uniq_blork_the_orc
D:6:      kennysheep_kobold_camp
D:7:      nicolae_ru_the_path_less_chosen, minmay_temple_entry_tees
D:8:      gammafunk_ghost_split, grunt_ogre_cave, kennysheep_generic_room_3,
          uniq_grum
Temple:   regret_index_temple_sigil_plot

Skill      XL: |  1  2  3  4  5  6  7  8 |
---------------+-------------------------+-----
Axes           | 4 5 6 7 8 10 | 10.2
Armour         | 1 2 3 4 5 6 |  6.5
Fighting       | 3 4 5 7 |  7.1
Throwing       | |  2.0
Dodging        | |  3.2

Action                   |  1- 3 |  4- 6 |  7- 9 || total
-------------------------+-------+-------+-------++-------
Melee: War axe           |    71 |   141 |   221 ||   433
       Headbutt          |    11 |    28 |    38 ||    77
Throw: Javelin           |       |     2 |       ||     2
Invok: Heroism           |       |       |     1 ||     1
  Use: Scroll            |     4 |     2 |       ||     6
       Potion            |       |       |     2 ||     2
  Eat: Chunk             |     2 |     4 |     6 ||    12
       Ration            |       |       |     1 ||     1
Armor: Leather armour    |     5 |       |       ||     5
       Chain mail        |    40 |    89 |   149 ||   278
Dodge: Dodged            |    34 |    50 |   108 ||   192

Table legend:
 A = Non-vault XP
 B = Vault XP
 C = Vault XP percentage of total XP
 D = Non-vault monster count
 E = Vault monster count
 F = Vault count percentage of total count
                 A         B        C        D         E       F
            +---------+---------+-------+---------+---------+-------
      Total |    2237 |     270 |  10.8 |     133 |      43 |  24.4
            +---------+---------+-------+---------+---------+-------
        D:1 |      21 |      12 |  36.4 |      13 |       6 |  31.6
        D:2 |      62 |       0 |   0.0 |      21 |       0 |   0.0
        D:3 |     205 |      45 |  18.0 |      22 |      15 |  40.5
        D:4 |     205 |      85 |  29.3 |      16 |       1 |   5.9
        D:5 |     197 |       0 |   0.0 |      12 |       0 |   0.0
        D:6 |     144 |     128 |  47.1 |       7 |      21 |  75.0
        D:7 |    1244 |       0 |   0.0 |      35 |       0 |   0.0
        D:8 |     159 |       0 |   0.0 |       7 |       0 |   0.0
            +---------+---------+-------+---------+---------+-------
